Schmensch, neutral female human Wizard ----- --------- |<).---- ------.......-- ------- |......--|.........--..| |..@.[| )[ --..|....|..--------|..| |.(_[.| ( ---|.........| ---- |[...[| ----.|....|--- ----- ---|--- -----..|..----...-- |.| ! ) ------ |..|....|.....---- |.| ) |.%%.| --...............---.-- ( |..$.| |..[...---..........d----- ($ ---|-- ----....-------...u@.....--- !%!)!)[?! ------.---.. |...-|..|..|-...-)......-- |..|-.........|..--|..|..|--.....---...| ((( |..-...............-|---.-----..---....|. $! ( -----.....{.[.(----...[..).$.(....|....... ((( = |...........[..-- --+--.---------.....`... -+-----.........| ) |.|.(((| --.......- --..------- |.-$(((| ---...--- ) ---- --|...(| ----- ( ------ Schmensch the Wizard Experience level: 7 Strength: 13 Dexterity: 11 Constitution: 11 Intelligence: 19 Wisdom: 14 Charisma: 11 Health: 0(55) Energy: 84(84) Def: 2 Gold: 49 Moves: 4270 Dungeon seed [set]: Game ID: Schmensch_1676014754 Your Inventory: Coins $ - 49 gold pieces Weapons a - a blessed +1 quarterstaff g - an uncursed +0 orcish dagger t - the blessed rustproof +0 Magicbane (weapon in hand) u - 3 blessed +1 darts x - a cursed -2 elven broadsword B - 13 uncursed +0 darts C - a blessed +1 dagger Armor e - an uncursed +0 cloak of magic resistance (being worn) y - an uncursed +0 pair of gauntlets of dexterity (being worn) Comestibles i - an uncursed food ration o - an uncursed tin of newt meat q - an uncursed tripe ration G - an uncursed fortune cookie Scrolls b - 3 uncursed scrolls of blank paper v - an uncursed scroll of identify D - an uncursed scroll of magic mapping E - a blessed scroll of destroy armor H - an uncursed scroll of genocide L - a blessed scroll of blank paper S - an uncursed scroll of consecration Potions l - a potion of holy water O - an uncursed potion of water X - 2 uncursed potions of gain energy Wands d - an uncursed wand of nothing (0:4) r - an uncursed wand of enlightenment (0:11) A - an uncursed wand of enlightenment (0:12) I - an uncursed wand of striking (0:8) Tools f - an uncursed magic marker (0:55) k - an uncursed blindfold w - an uncursed brass key K - an uncursed wooden flute P - an uncursed magic lamp Gems n - 2 uncursed worthless pieces of white glass z - an uncursed agate J - 2 uncursed jets N - an uncursed worthless piece of red glass Spells and supernatural/magical abilities: Name Level Category Fail Memory a - force bolt 1 attack 0% 79% b - dig 2 matter 37% 82% c - light 1 divination 0% 85% d - create monster 2 clerical 0% 93% e - magic missile 2 attack 0% 93% U - detect unseen 3 divination 71% 79% W - pray for help -- divine ? -- Your skills at the end: Miscellaneous Skills wands [Basic] stealth [Skilled] Weapon Skills dagger [Basic] quarterstaff [Basic] Spellcasting Skills attack spells [Basic] enchantment spells [Basic] clerical spells [Basic] Final Attributes: You were devoutly aligned. You were poison resistant. You were magic-protected. Your writing hand was thoroughly cramped from overuse. You were telepathic. You were stealthy. You were lucky. You are dead. Vanquished creatures: a small mimic a spotted jelly an orc mummy 3 Green-elves a dwarf lord a Woodland-elf a human zombie a rope golem an imp a baby crocodile a wood nymph a shrieker a violet fungus 4 gnome lords 2 gnomish wizards a black naga hatchling a ghoul a paper golem a giant ant 3 floating eyes a kitten 7 dwarves a homunculus a kobold lord 4 iguanas a centipede a giant bat 2 hobbits an acid blob a hobgoblin 4 giant rats a cave spider 3 red molds 19 gnomes 5 jackals a kobold 6 newts 4 goblins 4 grid bugs a lichen 2 kobold zombies 98 creatures vanquished. Voluntary challenges: You did not adorn yourself with jewelry or accessories. You did not cause conflict. You did not have reflection. You were not displaced. You had been an atheist until turn 2759. You did not donate to any temples.. You used a wielded weapon 178 times, starting on turn 200. You did not use tools. You did not use plumbed fixtures. You read items or engraved 18 times, starting on turn 503. You never genocided any monsters. You never polymorphed an object. You never changed form. You used no wishes. You did not apply or invoke any artifacts. You never split a pudding. You wrote Elbereth's name 5 times, starting on turn 2816. You never violated your personal moral code. Dungeon overview: The Dungeons of Doom: levels 1 to 4 Level 1 a vault, a fountain a long staircase Level 2 Level 3 a vault, an altar to Thoth Level 4 a vault, a general store stairs to The Gnomish Mines The Gnomish Mines: levels 5 to 7 Level 5 stairs to The Dungeons of Doom Level 6 Level 7 <- You were here some shops, a temple to Thoth, a magic chest, a fountain History has recorded: On T:1 you entered the Dungeons of Doom to retrieve the Amulet of Yendor! On T:429 you reached level 2 of The Dungeons of Doom. On T:429 you unlocked the Ranger role by using stairs. On T:723 you reached level 3 of The Dungeons of Doom. On T:765 you advanced to experience level 2. On T:1188 you reached level 4 of The Dungeons of Doom. On T:1197 you advanced to experience level 3. On T:1675 you reached level 1 of The Gnomish Mines. On T:1675 you unlocked the Rogue role by using long stairs. On T:1686 you advanced to experience level 4. On T:1822 you advanced to experience level 5. On T:1896 you reached level 2 of The Gnomish Mines. On T:2047 you advanced to experience level 6. On T:2299 you reached level 3 of The Gnomish Mines. On T:2752 you entered the Minetown temple On T:2752 you unlocked the Monk role by entering the Minetown temple. On T:2761 you opened a magic chest. On T:2764 you unlocked the Priest role by identifying an item's beatitude on an altar. On T:4007 you advanced to experience level 7. On T:4162 you received Magicbane from Thoth. Score breakdown: Gold: 49 ( 4 points) Experience: 7 levels ( 600 points) Exploration: 7 levels ( 180 points) Discoveries: 31 items ( 1550 points) Variety of kills: 41 monsters ( 2000 points) Major goal: reached Minetown ( 500 points) Survival: died (score multiplied by 3) Total score: 14502 Latest messages: The dwarf hacks you! You slash the dwarf. The magic-absorbing blade cancels the dwarf! You kill the dwarf! There are many objects here. This dwarf corpse tastes terrible! You hear Izchak cursing shoplifters. You stop eating. You resume your meal. You stop eating. You are almost hit by a crude dagger. You resume your meal. You stop eating. The magic-absorbing blade scares the wolf! The wolf turns to flee! You resume your meal. You stop eating. You hack the hill orc! The hill orc punches you! The white unicorn butts! The white unicorn kicks! The white unicorn butts! You die... Final status: Goodbye Schmensch the Wizard, killed by a white unicorn... You died in The Gnomish Mines on dungeon level 7 with 14502 points, and 49 pieces of gold, after 4270 moves. You were level 7 with a maximum of 55 hit points when you died.